Construct Section Command Post
Selects Australian Defense Battlegroup
Selects Australian Light Infantry Section
Australian Light Infantry Section
Australian Light Infantry Section
Australian Light Infantry Section
Construct Platoon Command Post
Selects CMP 15cwt Supply Run
Selects Reinforced Resource Caches
Selects Artillery Trip Wire Flares
Selects Defensive Tactics
Unlock Bishop Self-propelled Artillery
Bishop Self-propelled Artillery
Bishop Self-propelled Artillery
Selects Archer Tank Destroyer